Map: Lerilak Crest

Players

capac - Winner!

  • Race: Terran Terran
  • League: Gold

spectre

  • Race: Protoss Protoss
  • League: Gold

VOD

Have the link to the VOD?

Description

Time

  • Played on: March 20, 2016, 1:46 p.m.
  • Length: 9:19
Show
View Real Time Build Order
Export as new Build Order

capac Terran - Winner!

Build Orders:  

Get SALT Encoding   

  12  0:00  SCV  
  13  0:12  SCV  
  14  0:18  Supply Depot  
  14  0:25  SCV  
  15  0:40  SCV  
  15  0:41  Barracks  
  16  0:45  Refinery  
  16  0:52  SCV  
  17  1:04  SCV  
  18  1:16  SCV  
  19  1:28  SCV  
  19  1:29  Reaper  
  21  1:36  Command Center  
  21  1:46  Orbital Command  
  21  2:04  Barracks Reactor  
  21  2:11  Refinery  
  21  2:13  Supply Depot  
  21  2:14  SCV  
  22  2:29  SCV  
  23  2:45  Barracks  
  23  2:47  Factory  
  23  2:51  Bunker, Orbital Command  
  23  3:16  Marine x2  
  25  3:29  SCV  
  25  3:30  SCV  
  25  3:33  Marine  
  25  3:34  Marine  
  28  3:38  Barracks Tech Lab, Factory Tech Lab  
  28  3:40  Starport  
  28  3:41  SCV  
  30  3:44  Supply Depot  
  30  3:47  SCV  
  31  3:53  SCV  
  32  3:57  Siege Tank  
  35  4:03  SCV  
  35  4:04  Refinery  
  35  4:05  SCV  
  37  4:17  Starport Reactor  
  37  4:19  SCV x2  
  38  4:30  Siege Tank  
  38  4:31  Marine, SCV x2  
  42  4:32  Marine  
  42  4:36  Stimpack  
  45  4:39  Barracks  
  45  4:43  SCV x2  
  47  4:48  Supply Depot  
  47  4:55  SCV x2  
  47  4:57  Refinery  
  47  4:58  Medivac  
  51  5:04  Medivac  
  53  5:11  SCV x2  
  53  5:13  Marine x2  
  57  5:14  Marine  
  58  5:21  Supply Depot  
  58  5:25  SCV x2  
  58  5:27  Barracks Reactor  
  60  5:31  Barracks  
  60  5:41  SCV x2  
  62  5:43  Marine x3  
  62  5:48  Supply Depot  
  65  5:52  Supply Depot  
  65  6:01  Marine x2, SCV x2  
  69  6:13  SCV  
  69  6:14  SCV  
  69  6:16  Marine  
  69  6:17  Marine  
  74  6:19  Marine  
  74  6:20  Barracks Reactor  
  74  6:22  Barracks  
  74  6:25  SCV  
  74  6:26  SCV  
  76  6:38  SCV x2  
  72  6:41  Reaper  
  70  6:52  SCV  
  70  6:53  SCV  
  70  6:54  Marine x4  
  53  7:05  SCV  
  54  7:12  Marine  
  55  7:21  Marine x4  
  55  7:22  Marine x2  
  61  7:29  Marine  
  61  7:33  Siege Tank  
  65  7:38  Barracks Reactor  
  65  7:39  Marine x3  
  65  7:42  SCV  
  69  7:55  Marine x4  
  73  8:00  Medivac  
  75  8:08  SCV  
  75  8:10  Siege Tank  
  79  8:19  Medivac  
  81  8:22  Marine x4  
  78  8:50  Marine  
  78  8:51  Marine x6  
  78  8:52  Marine  
  86  8:57  Supply Depot  
  86  9:00  SCV x2  
Show
View Real Time Build Order
Export as new Build Order

spectre Protoss 

Build Orders: 1 Gate Expand 

Get SALT Encoding   

  12  0:02  Probe (Chrono Boost)  
  13  0:12  Probe (Chrono Boost)  
  14  0:23  Probe (Chrono Boost), Pylon  
  15  0:41  Probe (Chrono Boost)  
  16  0:53  Gateway  
  16  0:55  Probe (Chrono Boost)  
  17  1:17  Probe (Chrono Boost)  
  17  1:18  Nexus  
  18  1:27  Probe (Chrono Boost)  
  18  1:30  Assimilator  
  19  1:41  Cybernetics Core  
  19  1:43  Probe (Chrono Boost)  
  19  1:46  Zealot  
  22  1:54  Probe (Chrono Boost)  
  23  2:03  Gateway  
  23  2:11  Assimilator  
  23  2:27  Warp Gate (Chrono Boost)  
  24  2:30  Probe  
  24  2:33  Gateway  
  24  2:34  Gateway  
  24  2:42  Zealot  
  26  2:53  Stalker  
  26  3:08  Probe  
  26  3:19  Stalker  
  27  3:20  Probe  
  27  3:26  Probe  
  27  3:33  Probe  
  29  3:42  Probe  
  29  3:45  Probe  
  31  3:53  Probe  
  31  3:56  Zealot  
  31  3:57  Zealot  
  31  4:01  Twilight Council  
  35  4:06  Pylon  
  35  4:33  Assimilator  
  35  4:35  Zealot  
  35  4:36  Zealot  
  39  4:42  Pylon  
  39  4:50  Zealot  
  39  4:51  Charge (Chrono Boost)  
  41  4:58  Zealot  
  43  5:01  Probe  
  43  5:25  Zealot x2  
  47  5:28  Sentry  
  47  5:31  Sentry  
  51  5:47  Stalker  
  51  5:48  Pylon  
  53  6:08  Pylon  
  53  6:10  Stalker  
  53  6:11  Stalker  
  57  6:15  Zealot  
  57  6:18  Pylon  
  29  7:04  Probe  
  29  7:05  Probe  
  25  7:15  Probe  
  25  7:18  Probe  
  25  7:22  Stalker  
  29  7:25  Probe  
  29  7:27  Robotics Facility  
  29  7:29  Robotics Facility  
  30  7:30  Probe  
  30  7:36  Probe  
  31  7:37  Zealot x2  
  31  7:40  Sentry  
  38  7:46  Probe  
  38  7:50  Zealot  
  41  7:59  Stalker x2  
  41  8:04  Zealot  
  47  8:07  Probe  
  47  8:08  Probe  
  49  8:23  Robotics Bay  
  49  8:26  Pylon  
  36  8:44  Zealot  
  36  8:45  Zealot x3  
  33  9:06  Stalker x2  
Tags
 
Add a new tag
Caveats
  • Supply blocks, unpowered buildings, or Contaminate may cause inaccurate times.
  • Supply counts are checked every 10 seconds.